 Dungeon Crawl Stone Soup version 0.18.1-48-g4cf74bf (webtiles) character file.

234 stebot the Ducker (level 5, -1/28 HPs)
             Began as a Spriggan Warper on Aug 16, 2016.
             Slain by an orc
             ... wielding a +0 hand axe
              (7 damage)
             ... on level 3 of the Dungeon.
             The game lasted 00:10:52 (2108 turns).

stebot the Ducker (Spriggan Warper)                 Turns: 2108, Time: 00:10:53

Health: -1/28      AC:  2    Str:  8    XL:     5   Next: 75%
Magic:  10/10      EV: 15    Int: 15    God:
Gold:   72         SH:  0    Dex: 15    Spells: 4 memorised, 0 levels left

rFire  . . .     SeeInvis +     e - +0 falchion
rCold  . . .     Gourm    .     b - +0 robe
rNeg   . . .     Faith    .     (shield restricted)
rPois  .         Spirit   .     (helmet restricted)
rElec  .         Dismiss  .     (no cloak)
rCorr  .         Reflect  .     (gloves unavailable)
SustAt .         Harm     .     (boots unavailable)
MR     .....                    (no amulet)
Stlth  ++........               (no ring)
                                (no ring)

@: very quick, not resistant to hostile enchantments, unstealthy
A: unfitting armour, see invisible, herbivore 3, speed 3, slow metabolism 2
a: no special abilities


You were on level 3 of the Dungeon.
You were not hungry.

You visited 1 branch of the dungeon, and saw 3 of its levels.

You collected 72 gold pieces.

Inventory:

Hand Weapons
 a - a +0 short sword
 e - a +0 falchion (weapon)
Armour
 b - a +0 robe (worn)
Scrolls
 d - 2 scrolls of blinking
 k - 2 scrolls of random uselessness {unknown}
 m - a scroll of amnesia
 n - a scroll of fog {unknown}
 o - a scroll of immolation {unknown}
Potions
 h - a potion of flight {unknown}
 i - a potion of curing {unknown}
 j - a potion of magic {unknown}
 l - 2 potions of ambrosia {unknown}
Books
 c - a book of Spatial Translocations

   Spells                             Type                      Level
   a - Apportation                    Translocation                1
   b - Blink                          Translocation                2
   c - Shroud of Golubria             Charms/Translocation         2
   d - Portal Projectile              Translocation                3
   e - Teleport Other                 Translocation                3
   f - Passage of Golubria            Translocation                4
Comestibles
 f - 3 bread rations


   Skills:
 * Level 2.9 Fighting
 * Level 3.7 Short Blades
 + Level 1.2 Throwing
 + Level 5.9 Dodging
 + Level 0.9 Stealth
 + Level 2.8 Spellcasting
 + Level 5.0 Translocations


You couldn't memorise any spells.
You knew the following spells:

 Your Spells              Type           Power        Failure   Level  Hunger
a - Apportation           Tloc           ###.......   2%          1    #......
b - Blink                 Tloc           N/A          4%          2    ##.....
c - Shroud of Golubria    Chrm/Tloc      #.........   12%         2    ##.....
d - Passage of Golubria   Tloc           N/A          28%         4    #####..


Dungeon Overview and Level Annotations

Branches:
Dungeon (3/15)

Altars:


Innate Abilities, Weirdness & Mutations

You are tiny and cannot use many weapons and most armour.
You have supernaturally acute eyesight.
You are a herbivore.
You cover ground extremely quickly.
You need consume almost no food.


Message History

The orc hits you with a short sword. The adder completely misses you.
The orc barely misses you.
You barely miss the adder. The adder completely misses you.
The orc closely misses you.
You miss the adder. The adder closely misses you. The orc barely misses you.
The adder completely misses you.
You hit the adder.
The adder is moderately wounded.
The adder bites you. The orc closely misses you.
You hit the adder but do no damage.
The adder is moderately wounded.
The adder misses you. The orc misses you. The orc closely misses you.
The orc completely misses you. The adder misses you.
Unknown command.
You can't go down here!
The orc hits you with a short sword. The orc barely misses you.
The adder bites you.
* * * LOW HITPOINT WARNING * * *
The orc hits you with a hand axe!
You die...

#....#.
....#
.......
....#
.......
....
....... ...
# .....).
..#.##
.......
.....
......o#S.#
......o@#
......o.#
####....#
######


You could see an adder and 3 orcs.

Vanquished Creatures
  Sigmund (D:2)
  2 adders (D:2)
  An ooze (D:2)
  2 giant geckos (D:1)
  2 orcs (D:2)
  A ball python (D:1)
  2 bats
  A giant cockroach (D:1)
  5 goblins
  2 hobgoblins (D:1)
  6 jackals
  9 giant newts
  3 kobolds (D:2)
  5 rats
42 creatures vanquished.

Notes
Turn   | Place    | Note
--------------------------------------------------------------
     0 | D:1      | stebot the Spriggan Warper began the quest for the Orb.
     0 | D:1      | Reached XP level 1. HP: 10/10 MP: 5/5
   483 | D:1      | Reached XP level 2. HP: 15/15 MP: 6/6
   618 | D:1      | Learned a level 2 spell: Blink
   621 | D:1      | Learned a level 2 spell: Shroud of Golubria
  1226 | D:2      | Reached XP level 3. HP: 15/18 MP: 8/8
  1753 | D:2      | Noticed Sigmund
  1762 | D:2      | Killed Sigmund
  1762 | D:2      | Reached skill level 5 in Dodging
  1762 | D:2      | Reached skill level 5 in Translocations
  1762 | D:2      | Reached XP level 4. HP: 12/23 MP: 9/9
  1762 | D:2      | Reached XP level 5. HP: 14/28 MP: 10/10
  1864 | D:2      | Learned a level 4 spell: Passage of Golubria
  2108 | D:3      | Slain by an orc

Skill      XL: |  1  2  3 |
---------------+----------+-----
Dodging        | 4 5 |  5.9
Fighting       | 2 |  2.9
Short Blades   | 3 |  3.7
Translocations | 5 |  5.0
Throwing       | |  1.2
Stealth        | |  0.9
Spellcasting   | |  2.8

Action                   |  1- 3 |  4- 6 || total
-------------------------+-------+-------++-------
Melee: Short sword       |   110 |    28 ||   138
       Falchion          |       |     8 ||     8
Throw: Tomahawk          |     3 |     2 ||     5
 Cast: Shroud of Golubri |       |     1 ||     1
  Use: Potion            |     2 |       ||     2
       Scroll            |     1 |       ||     1
 Stab: Sleeping          |     1 |       ||     1
Armor: Robe              |     8 |     1 ||     9
Dodge: Dodged            |    85 |    53 ||   138
